 Dungeon Crawl Stone Soup version 0.22-a0-834-g05cf915 (webtiles) character file.

176496 BaronVonScrub the Severer (level 17, -2/143 HPs)
             Began as a Deep Dwarf Fighter on July 25, 2018.
             Was the Champion of Makhleb.
             Slain by a nagaraja
             ... wielding a +0 halberd
              (21 damage)
             ... on level 4 of the Snake Pit.
             The game lasted 01:42:24 (24349 turns).

BaronVonScrub the Severer (Deep Dwarf Fighter)     Turns: 24349, Time: 01:42:24

Health: -2/143     AC: 26    Str: 31    XL:     17   Next: 51%
Magic:  0/9        EV: 17    Int: 10    God:    Makhleb [******]
Gold:   2547       SH: 20    Dex: 28    Spells: 16/16 levels left

rFire    + . .     SeeInvis .   y - +3 broad axe of Ru's Benevolence {venom, Dex+4}
rCold    . . .     Gourm    .   c - +4 shield
rNeg     + + .     Faith    .   w - +0 plate armour
rPois    +         Spirit   +   X - +2 hat of the Bear Spirit {Spirit, +Rage rN+ MR++}
rElec    .         Reflect  .   E - scarf {repulsion}
rCorr    .         Harm     .   N - +0 pair of gloves
MR       ++++.                  (no boots)
Stlth    ..........             O - amulet "Raen Per" {Acrobat Dex+5}
HPRegen  0.00/turn              x - ring of poison resistance
MPRegen  0.11/turn              a - ring "Ubatoa" {rF+ AC+6}

@: mighty, agile, berserk cooldown, non-regenerating, hasted and slowed,
constricted, drained, repel missiles
A: damage resistance, heal wounds, repulsion field 1, agile 1, frail 1, negative
energy resistance 1, sense surroundings 2, screaming 1, no regeneration
a: Heal Wounds, Minor Destruction, Lesser Servant of Makhleb, Major Destruction,
Greater Servant of Makhleb, Renounce Religion, Evoke Berserk Rage


You were on level 4 of the Snake Pit.
You worshipped Makhleb.
Makhleb was exalted by your worship.
You were not hungry.

You visited 5 branches of the dungeon, and saw 28 of its levels.
You also visited: Labyrinth.

You collected 2633 gold pieces.
You spent 86 gold pieces at shops.

Inventory:

Hand Weapons
 g - a +6 war axe of venom
 y - the +3 broad axe of Ru's Benevolence (weapon) {venom, Dex+4}
   (You found it on level 2 of the Lair of Beasts)

   It poisons the flesh of those it strikes.
   It affects your dexterity (+4).
 C - the +8 dagger "Kiewucem" {speed, rElec rPois MR- Str+4}
   (You found it on level 10 of the Dungeon)

   Attacks with this weapon are significantly faster.
   It affects your strength (+4).
   It insulates you from electricity.
   It protects you from poison.
   It affects your resistance to hostile enchantments.
Armour
 c - a +4 shield (worn)
 d - +0 fire dragon scales
 w - a +0 plate armour (worn)
 B - quicksilver dragon scales
 D - +0 acid dragon scales
 E - a scarf of repulsion (worn)
 N - a +0 pair of gloves (worn)
 X - the +2 hat of the Bear Spirit (worn) {Spirit, +Rage rN+ MR++}
   (You found it on level 14 of the Dungeon)

   It protects you from negative energy.
   It affects your resistance to hostile enchantments.
   It lets you go berserk.
Jewellery
 a - the ring "Ubatoa" (right hand) {rF+ AC+6}
   (You took it off a minotaur in a labyrinth)

   [ring of protection]

   It affects your AC (+6).
   It protects you from fire.
 t - a +4 ring of strength
 x - a ring of poison resistance (left hand)
 O - the amulet "Raen Per" (around neck) {Acrobat Dex+5}
   (You found it on level 2 of the Lair of Beasts)

   [amulet of the acrobat]

   It helps you evade while moving and waiting.
   It affects your dexterity (+5).
 P - an uncursed amulet of harm
Wands
 p - a wand of flame (55)
 r - a wand of acid (45)
 s - a wand of digging (38)
 u - a wand of iceblast (36)
 v - a wand of polymorph (39)
 z - a wand of clouds (11)
 A - a wand of enslavement (29)
 H - a wand of random effects (31)
 L - a wand of disintegration (19)
 Q - a wand of paralysis (19)
 Z - a wand of scattershot (5)
Scrolls
 h - 12 scrolls of remove curse
 i - a scroll of magic mapping
 j - 3 scrolls of identify
 k - 6 scrolls of fear
 m - 5 scrolls of teleportation
 q - 8 scrolls of fog
 F - a scroll of enchant weapon
 K - 2 scrolls of blinking
 T - a scroll of amnesia
Potions
 b - a potion of agility
 e - 6 potions of cancellation
 l - a potion of ambrosia
 n - 2 potions of invisibility
 o - 2 potions of might
 I - 4 potions of curing
 M - 3 potions of flight
 U - a potion of magic
 W - a potion of berserk rage
Miscellaneous
 G - 2 phantom mirrors
 R - a lamp of fire
 S - a lightning rod (4/4)
Comestibles
 f - 37 rations
 J - a chunk of flesh


   Skills:
 - Level 11.7 Fighting
 + Level 12.4 Short Blades
 - Level 18.4 Axes
 - Level 14.7 Armour
 - Level 5.8(5.7) Dodging
 - Level 2.1 Stealth
 - Level 14.6 Shields
 + Level 0.9 Unarmed Combat
 + Level 3.1 Invocations
 + Level 1.2(1.1) Evocations


You had 16 spell levels left.
You didn't know any spells.
Your spell library contained the following spells:

 Spells                   Type           Power        Failure   Level  Hunger
 Apportation              Tloc           #.....       91%         1    ##.....
 Bolt of Cold             Conj/Ice       #.........   100%        6    #######
 Bolt of Magma            Conj/Fire/Erth #.........   100%        5    ######.
 Invisibility             Hex            #.......     100%        6    #######
 Freezing Cloud           Conj/Ice/Air   #.........   100%        6    #######
 Venom Bolt               Conj/Pois      #.........   100%        5    ######.
 Ozocubu's Refrigeration  Ice            #.........   100%        6    #######
 Tukima's Dance           Hex            #.......     99%         3    ####...
 Iron Shot                Conj/Erth      #.........   100%        6    #######
 Stone Arrow              Conj/Erth      #.....       99%         3    ####...
 Spider Form              Tmut/Pois      #.........   99%         3    ####...
 Blade Hands              Tmut           #.........   100%        5    ######.
 Statue Form              Tmut/Erth      #........    100%        6    #######
 Ice Form                 Ice/Tmut       #.......     100%        4    #####..
 Dragon Form              Tmut           #.........   100%        7    #######
 Passwall                 Tmut/Erth      #.......     97%         2    ###....
 Sticks to Snakes         Tmut           #.......     97%         2    ###....
 Metabolic Englaciation   Hex/Ice        #.........   100%        5    ######.
 Summon Butterflies       Summ           #.......     91%         1    ##.....
 Alistair's Intoxication  Tmut/Pois      #.......     100%        5    ######.
 Lee's Rapid Deconstruct  Erth           #.........   100%        5    ######.
 Sandblast                Erth           #.....       91%         1    ##.....
 Simulacrum               Ice/Necr       #.........   100%        6    #######
 Petrify                  Tmut/Erth      #.......     100%        4    #####..
 Orb of Destruction       Conj           #.........   100%        7    #######
 Beastly Appendage        Tmut           #.....       91%         1    ##.....
 Iskenderun's Battlesphe  Conj/Chrm      #.......     100%        5    ######.
 Spellforged Servitor     Conj/Summ      #.........   100%        7    #######
 Hydra Form               Tmut           #.........   100%        6    #######
 Irradiate                Conj/Tmut      #.........   100%        5    ######.
 Lesser Beckoning         Tloc           #.........   99%         3    ####...


Dungeon Overview and Level Annotations

Branches:
Dungeon (15/15)            Temple (1/1) D:5            Lair (6/6) D:10
 Shoals (0/4) Lair:2        Snake (4/4) Lair:3        Slime (0/5) Lair:6
    Orc (2/2) D:9             Elf (0/3) Orc:2        Vaults (0/5) D:13
 Depths (0/5) D:15

Altars:
Ashenzari
Cheibriados
Dithmenos
Elyvilon
Fedhas
Gozag
Hepliaklqana
Kikubaaqudgha
Makhleb
Nemelex Xobeh
Okawaru
Qazlal
Ru
Sif Muna
Trog
Uskayaw
Vehumet
Wu Jian
Xom
Yredelemnul
Zin
The Shining One
Beogh

Shops:
D:4 (   D:10 }   Orc:2 %(*}*   Snake:3 }

Portals:
Pandemonium: Orc:2

Annotations:
D:15 exclusion: orange crystal statue
Lair:2 exclusion: 3 oklob plants


Innate Abilities, Weirdness & Mutations

You are resistant to damage.
You can heal yourself by infusing magical energy.
You resist negative energy. (rN+)
You passively map the area around you.
You do not regenerate.
You are surrounded by a mild repulsion field. (EV +2)
You are agile. (Dex +2)
You are frail. (-10% HP)
You occasionally shout uncontrollably at your foes.


Message History

The arrow hits you!
* * * LOW HITPOINT WARNING * * *
The nagaraja hits you but does no damage.
The naga mage barely misses you.
The naga warrior hits you from afar with a vampiric trident.
* * * LOW HITPOINT WARNING * * *
The naga warrior spits poison at you.
The splash of poison is repelled.
The naga warrior constricts you.
The nagaraja hits you but does no damage.
The naga misses you. x2
You feel better. The nagaraja spits poison at you.
The splash of poison is repelled.
The naga mage hits you from afar with a spear.
You block the naga mage's attack. You block the naga warrior's attack. x2
The nagaraja hits you from afar with a halberd.
* * * LOW HITPOINT WARNING * * *
The naga sharpshooter shoots an arrow.
The arrow is repelled.
The nagaraja hits you from afar with a halberd!!
You die...

#.#........##.#.
######.##'###...#.#.#
, #......##(#
######.#. * ##.#
##((..# #.#.#
###.(.##().#### ####.
#......(..(...# * #.
, #......)......#, *
#. #.....)))N....# #.
, ,,
#...ยง#)@NNN#..#,, #.
,,#....NNN)NNN..# ##
, ##..#NNNNNN..##, ##
, , ,##.NNNNNNN.## ,
*#. , , #..NNNN...# ,
#. , *....#.N...... ,
, #. ,
...............,, *#.
, ,,,
...........#..., * #.
* ,, , , , , * #.


You could see 5 naga warriors, 3 nagarajas, 4 naga sharpshooters, a naga
ritualist, 8 naga magi and 7 nagas.

Vanquished Creatures
  Saint Roka (Snake:3)
  Frances (D:14)
  Gastronok (D:10)
  Agnes (D:14)
  5 nagarajas
  Donald (Orc:2)
  Louise (Snake:1)
  A minotaur (Lab)
  Azrael (Orc:2)
  The ghost of Wenu the Basher, a journeyman DsBe of Trog (Lair:3)
  Josephine (Snake:1)
  2 fire dragons
  4 hydras
  A rakshasa (D:15)
  3 centaur warriors (D:14)
  8 naga warriors
  10 two-headed ogres
  9 anacondas
  An ogre mage (D:13)
  7 orc high priests (Orc:2)
  15 naga sharpshooters
  4 shock serpents
  A salamander mystic (Snake:2)
  A sun demon (Orc:2)
  A fire crab (Lair:6)
  A torturous demonspawn (Orc:2)
  The ghost of NithAzra the Firebug, a novice OpFE of Dithmenos (D:7)
  An unseen horror (shapeshifter) (D:15)
  A sixfirhy (Orc:2)
  A gelid demonspawn (Orc:2)
  An infernal demonspawn (Orc:2)
  7 naga ritualists
  2 unseen horrors
  8 orc knights
  A wolf spider zombie (D:15)
  A lindwurm (Lair:6)
  22 ugly things
  8 mana vipers
  4 orc sorcerers (Orc:2)
  A deep elf mage (D:12)
  A salamander (shapeshifter) (D:15)
  A manticore (D:14)
  2 cyclopes
  13 elephants
  11 salamanders
  Maurice (D:8)
  4 guardian serpents
  34 black mambas
  An orange demon (Orc:2)
  A gargoyle (D:14)
  A torpor snail (Lair:3)
  9 naga magi
  Joseph (D:9)
  23 spiny frogs
  4 centaur skeletons
  8 komodo dragons
  2 kobold demonologists (D:14)
  A freezing wraith (D:15)
  An efreet (D:14)
  A rime drake (Lair:2)
  3 tengu conjurers
  A hellwing (Orc:2)
  2 red devils (Orc:2)
  5 trolls
  A polar bear (Lair:5)
  5 tyrant leeches (Lair:6)
  A polar bear (shapeshifter) (D:15)
  A hornet (D:12)
  17 slime creatures
  20 blink frogs
  17 hippogriffs
  4 dream sheep (Lair:3)
  A centaur simulacrum (D:15)
  45 yaks
  A vampire (D:12)
  A redback (shapeshifter) (D:15)
  6 wraiths
  2 shadows (D:15)
  6 basilisks
  3 wyverns
  A hog (shapeshifter) (D:13)
  2 hungry ghosts
  Eustachio (D:6)
  5 fire elementals (Orc:2)
  Grum (Lair:1)
  8 vampire mosquitoes
  32 nagas
  3 wargs
  A hell hound (Orc:2)
  Duvessa (D:6)
  An acid dragon (D:15)
  12 porcupines
  12 water moccasins
  6 ice beasts
  2 black bears
  A hornet zombie (D:14)
  4 sky beasts
  38 orc warriors
  A necrophage (D:11)
  14 ogres
  5 boggarts (D:15)
  An eye of draining (D:11)
  43 wolves
  4 centaurs
  13 crocodiles
  5 big kobolds
  27 bullfrogs
  A wyvern zombie (D:11)
  Dowan (D:6)
  4 killer bees (D:7)
  10 wights
  2 electric eels (D:10)
  6 crimson imps
  3 quasits
  3 centaur zombies
  31 orc priests
  8 jellies
  A gnoll shaman (D:4)
  8 hounds
  A bullfrog skeleton (D:8)
  5 iguanas
  Natasha (D:2)
  16 orc wizards
  8 worker ants
  A hound zombie (D:10)
  2 hound skeletons
  2 worker ant zombies
  12 adders
  12 gnolls
  2 shadow imps
  An ooze (Lair:6)
  An adder zombie (D:6)
  An adder skeleton (D:6)
  A worm (D:2)
  3 dart slugs
  4 leopard geckos
  90 orcs
  6 giant cockroaches
  4 goblins
  7 hobgoblins
  8 jackals
  3 quokkas
  A ball python (D:7)
  11 bats
  6 frilled lizards
  23 kobolds
  9 rats
  2 fungi
  4 plants (Lair:6)
973 creatures vanquished.

Vanquished Creatures (collateral kills)
  An ettin (Orc:1)
  2 hydras
  3 wolf spiders (Orc:1)
  2 slime creatures (D:13)
  A redback (Orc:1)
  A wraith (D:10)
  A hungry ghost (D:11)
  A sky beast (D:14)
  An ice beast (D:10)
  3 electric eels (D:10)
  A hound (D:10)
  2 orc priests (Orc:1)
  An orc (Orc:1)
20 creatures vanquished.

Vanquished Creatures (others)
  A salamander (Snake:4)
  10 bushes
  9 fungi (Lair:6)
  62 plants
82 creatures vanquished.

Grand Total: 1075 creatures vanquished

Notes
Turn   | Place    | Note
-------+----------+-------------------------------------------
     0 | D:1      | BaronVonScrub the Deep Dwarf Fighter began the quest for the Orb.
     0 | D:1      | Reached XP level 1. HP: 20/20 MP: 1/1
   132 | D:1      | Reached XP level 2. HP: 25/27 MP: 2/2
   820 | D:2      | Reached XP level 3. HP: 33/33 MP: 3/3
   863 | D:2      | Reached skill level 1 in Dodging
   925 | D:2      | Reached skill level 3 in Axes
  1052 | D:2      | Noticed Natasha
  1059 | D:2      | Reached XP level 4. HP: 37/40 MP: 4/4
  1061 | D:2      | Killed Natasha
  1369 | D:3      | Reached skill level 4 in Axes
  1590 | D:3      | Reached XP level 5. HP: 44/49 MP: 5/5
  1940 | D:4      | Noticed an ogre
  1952 | D:4      | Killed an ogre
  2058 | D:4      | Reached XP level 6. HP: 42/56 MP: 6/6
  2339 | D:4      | Found Iqiemext's Weapon Emporium.
  2347 | D:4      | Bought a +0 war axe of venom for 86 gold pieces
  2677 | D:5      | Entered Level 5 of the Dungeon
  2695 | D:5      | Reached skill level 5 in Axes
  2732 | D:5      | Found a staircase to the Ecumenical Temple.
  2760 | Temple   | Entered the Ecumenical Temple
  2881 | Temple   | Became a worshipper of Makhleb the Destroyer
  3042 | D:5      | Reached XP level 7. HP: 62/62 MP: 7/7
  3096 | D:5      | Reached skill level 5 in Shields
  3394 | D:5      | Found a sacrificial altar of Ru.
  3439 | D:5      | Reached skill level 6 in Axes
  3439 | D:5      | Reached skill level 5 in Armour
  4214 | D:6      | Noticed Duvessa
  4217 | D:6      | Noticed Dowan
  4234 | D:6      | Killed Dowan
  4234 | D:6      | Reached XP level 8. HP: 54/72 MP: 8/8
  4237 | D:6      | Noticed Eustachio
  4238 | D:6      | Killed Duvessa
  4252 | D:6      | Killed Eustachio
  4252 | D:6      | Reached skill level 7 in Axes
  4252 | D:6      | Reached skill level 1 in Stealth
  4464 | D:6      | Reached * piety under Makhleb
  5083 | D:7      | Reached skill level 8 in Axes
  5124 | D:7      | Gained mutation: You passively map the area around you. [Deep Dwarf growth]
  5124 | D:7      | Reached XP level 9. HP: 49/79 MP: 9/9
  5156 | D:7      | Found a runed door.
  5156 | D:7      | Noticed NithAzra's ghost (novice OpFE)
  5689 | D:7      | Killed NithAzra's ghost
  5689 | D:7      | Reached skill level 5 in Fighting
  5689 | D:7      | Reached skill level 9 in Axes
  5941 | D:8      | Noticed a two-headed ogre
  5951 | D:8      | Killed a two-headed ogre
  5953 | D:8      | Noticed a two-headed ogre
  5969 | D:8      | Killed a two-headed ogre
  5969 | D:8      | Reached skill level 10 in Axes
  5969 | D:8      | Reached XP level 10. HP: 53/88 MP: 10/10
  6040 | D:8      | Reached ** piety under Makhleb
  6417 | D:8      | Noticed Maurice
  6458 | D:8      | Killed Maurice
  6636 | D:8      | Got a twisted large shield
  6637 | D:8      | Identified the +0 large shield of the Tormentor {-Tele rN+ Regen+ Dex+8} (You found it on level 8 of the Dungeon)
  6683 | D:8      | Reached skill level 11 in Axes
  6839 | D:9      | Noticed Joseph
  6862 | D:9      | Killed Joseph
  6990 | D:9      | Found a staircase to the Orcish Mines.
  7027 | D:9      | Found a roughly hewn altar of Beogh.
  7082 | D:9      | Noticed a two-headed ogre
  7101 | D:9      | Killed a two-headed ogre
  7338 | D:10     | Entered Level 10 of the Dungeon
  7338 | D:10     | Noticed Gastronok
  7358 | D:10     | Killed Gastronok
  7358 | D:10     | Reached skill level 12 in Axes
  7358 | D:10     | Reached XP level 11. HP: 99/99 MP: 9/9
  7427 | D:10     | Gained mutation: You are agile. (Dex +2) [potion of mutation]
  7427 | D:10     | Gained mutation: You occasionally shout uncontrollably at your foes. [potion of mutation]
  7427 | D:10     | Gained mutation: You are frail. (-10% HP) [potion of mutation]
  7427 | D:10     | Gained mutation: You are surrounded by a mild repulsion field. (EV +2) [potion of mutation]
  7514 | D:10     | Reached *** piety under Makhleb
  7709 | D:10     | Reached skill level 5 in Dodging
  7799 | D:10     | Noticed a fire dragon
  7821 | D:10     | Killed a fire dragon
  7882 | D:10     | Got a steaming dagger
  7883 | D:10     | Identified the +8 dagger "Kiewucem" {speed, rElec rPois MR- Str+4} (You found it on level 10 of the Dungeon)
  7960 | D:10     | Found a staircase to the Lair.
  8243 | D:10     | Killed an unseen horror
  8243 | D:10     | Reached skill level 1 in Short Blades
  8266 | D:10     | Found Dingu's Gadget Shop.
  8435 | D:11     | Reached skill level 1 in Invocations
  8610 | D:11     | Noticed a four-headed hydra
  8622 | D:11     | Killed a four-headed hydra
  8622 | D:11     | Reached skill level 13 in Axes
  8854 | D:11     | Reached **** piety under Makhleb
  9035 | D:11     | Noticed a two-headed ogre
  9044 | D:11     | Killed a two-headed ogre
  9044 | D:11     | Reached XP level 12. HP: 98/98 MP: 9/9
  9204 | D:11     | Reached skill level 10 in Shields
  9400 | D:12     | Noticed a two-headed ogre
  9410 | D:12     | Killed a two-headed ogre
  9630 | D:12     | Reached skill level 10 in Armour
  9644 | D:12     | Reached skill level 14 in Axes
  9915 | D:13     | Found a gate to the Vaults.
  9915 | D:13     | Noticed a two-headed ogre
  9918 | D:13     | Noticed an ogre mage
  9923 | D:13     | Killed a two-headed ogre
  9928 | D:13     | Killed an ogre mage
  9928 | D:13     | Noticed a two-headed ogre
  9939 | D:13     | Killed a two-headed ogre
  9945 | D:13     | Reached ***** piety under Makhleb
 10057 | D:13     | Noticed a two-headed ogre
 10063 | D:13     | Killed a two-headed ogre
 10445 | D:13     | Noticed an eight-headed hydra
 10455 | D:13     | Killed an eight-headed hydra
 10455 | D:13     | Reached XP level 13. HP: 105/106 MP: 11/11
 10855 | Lair:1   | Entered Level 1 of the Lair of Beasts
 10855 | Lair:1   | Noticed Grum
 10865 | Lair:1   | Killed Grum
 10867 | Lair:1   | Reached skill level 15 in Axes
 11435 | Lair:2   | Found a staircase to the Shoals.
 11620 | Lair:2   | Got a twisted broad axe
 11629 | Lair:2   | Identified the +3 broad axe of Ru's Benevolence {venom, Dex+4} (You found it on level 2 of the Lair of Beasts)
 11835 | Lair:2   | Got a fine garnet amulet
 12138 | Lair:3   | Noticed Wenu's ghost (journeyman DsBe)
 12198 | Lair:3   | Identified the amulet "Raen Per" {Acrobat Dex+5} (You found it on level 2 of the Lair of Beasts)
 12278 | Lair:3   | Found a runed door.
 12328 | Lair:3   | Found a labyrinth entrance.
 12337 | Lab      | Entered a labyrinth
 13625 | Lab      | Noticed a minotaur
 13636 | Lab      | Killed a minotaur
 13638 | Lab      | Got a wavering copper ring
 13743 | Lair:3   | Found a staircase to the Snake Pit.
 14042 | Lair:3   | Reached ****** piety under Makhleb
 14487 | Lair:3   | Killed Wenu's ghost
 14487 | Lair:3   | Gained mutation: You resist negative energy. (rN+) [Deep Dwarf growth]
 14487 | Lair:3   | Reached XP level 14. HP: 116/116 MP: 11/11
 14499 | Lair:3   | Identified the ring "Ubatoa" {rF+ AC+6} (You took it off a minotaur in a labyrinth)
 14575 | Lair:4   | Reached skill level 16 in Axes
 15689 | Lair:6   | Entered Level 6 of the Lair of Beasts
 15776 | Lair:6   | Found a staircase to the Slime Pits.
 15871 | Lair:6   | Reached skill level 10 in Fighting
 16393 | Lair:6   | Reached skill level 17 in Axes
 17471 | D:14     | Reached XP level 15. HP: 126/126 MP: 12/12
 17513 | D:14     | Found a shattered altar of Ashenzari.
 17525 | D:14     | Noticed Frances
 17550 | D:14     | Killed Frances
 17814 | D:14     | Found the +2 hat of the Bear Spirit {Spirit, +Rage rN+ MR++}
 17855 | D:14     | Noticed Agnes
 17866 | D:14     | Killed Agnes
 18057 | D:15     | Entered Level 15 of the Dungeon
 18145 | D:15     | Found a runed door.
 18644 | D:14     | Reached skill level 18 in Axes
 18908 | D:15     | Found a staircase to the Depths.
 19220 | Orc:1    | Entered Level 1 of the Orcish Mines
 19740 | Orc:2    | Entered Level 2 of the Orcish Mines
 19740 | Orc:2    | Noticed Donald
 19771 | Orc:2    | Killed Donald
 19864 | Orc:2    | Found Naixtun's Assorted Antiques.
 19927 | Orc:2    | Found Ady Siom's General Store.
 19930 | Orc:2    | Found Kyufegent's Food Boutique.
 20139 | Orc:2    | Reached XP level 16. HP: 131/135 MP: 0/11
 20245 | Orc:2    | Found Goirungu's Antique Weapon Emporium.
 20245 | Orc:2    | Found Sogooph's Gadget Shoppe.
 20245 | Orc:2    | Found a one-way gate leading to the halls of Pandemonium.
 20339 | Orc:2    | Noticed Azrael
 20356 | Orc:2    | Killed Azrael
 20646 | Orc:2    | Found a staircase to the Elven Halls.
 21111 | Snake:1  | Entered Level 1 of the Snake Pit
 21126 | Snake:1  | Noticed Louise
 21153 | Snake:1  | Killed Louise
 21564 | Snake:1  | Noticed Josephine
 21625 | Snake:1  | Killed Josephine
 21836 | Snake:1  | Reached skill level 5 in Short Blades
 22989 | Snake:2  | Found a snail-covered altar of Cheibriados.
 23262 | Snake:3  | Noticed Saint Roka
 23298 | Snake:3  | Killed Saint Roka
 23369 | Snake:3  | Reached skill level 1 in Evocations
 23436 | Snake:3  | Found Avooph's Gadget Emporium.
 23565 | Snake:3  | Reached XP level 17. HP: 141/143 MP: 0/11
 23572 | Snake:3  | Reached skill level 10 in Short Blades
 23890 | Snake:4  | Entered Level 4 of the Snake Pit
 23973 | Snake:4  | Got a brightly glowing war axe
 23998 | Snake:4  | Identified the cursed +1 war axe of Sudden Death {chop, rC+ Int+6 Dex+3} (You found it on level 4 of the Snake Pit)
 24349 | Snake:4  | Slain by a nagaraja

Vault maps used:
D:1:      giann_forest_graveyard
D:2:      uniq_natasha
D:3:      first_ration, minmay_cut_off
D:4:      serial_shops, nicolae_shop_stone, nicolae_underground_beach
D:5:      lemuel_doored_altar, temple_green
D:6:      uniq_duvessa, uniq_eustachio
D:7:      mumra_celtic_spiral_tile, gammafunk_ghost_grave
D:8:      uniq_maurice
D:9:      minmay_orc_entry_temple_small, uniq_joseph
D:10:     erik_lair_island, serial_shops, shop, uniq_gastronok
D:13:     david_vaults_2
D:14:     nicolae_ashenzari_panopticon, uniq_agnes, uniq_frances
D:15:     gammafunk_enter_depths_forms, serial_park_gazebo, minmay_crystal_box
Temple:   kilobyte_greek_temple
Lair:1:   minivault_24, grunt_megastairs_2, uniq_grum
Lair:2:   elwin_shoals_entry_rocks, lemuel_fruit_fields, lemuel_fruit_fields,
          minmay_lair_oklob_chamber
Lair:3:   guppyfry_snake_entry_garden, lab_entry_generic,
          hellmonk_ghost_happy_afterlife, grunt_forest_large_clearings
Lair:4:   serial_bayou_pond_e, patterned_corridor, lemuel_fruit_tree
Lair:5:   st_stairs_9
Lair:6:   minmay_lair_end_frog_pond, nicolae_slime_entry_slimehenge,
          minivault_24
Snake:1:  grunt_ministairs_6, uniq_louise, uniq_josephine
Snake:2:  basic_altar
Snake:3:  serial_shops, shop, uniq_saint_roka
Snake:4:  snake_pit
Orc:1:    nicolae_orc_accident_3
Orc:2:    pf_orc_diabolical, serial_shops, shop_statue, uniq_donald, uniq_azrael
Lab:      labyrinth_mini_lab, labyrinth_skeletal_remains

Skill      XL: |  1  2  3  4  5  6  7  8  9 10 11 12 13 14 15 16 17 |
---------------+----------------------------------------------------+-----
Dodging        | 1 2 3 4 5 |  5.8
Axes           | 3 4 5 6 8 10 12 13 14 15 17 18 | 18.4
Fighting       | 3 4 5 6 7 8 9 10 11 | 11.7
Shields        | 4 5 6 7 8 9 11 12 13 14 | 14.6
Armour         | 4 5 6 7 9 10 12 13 14 | 14.7
Stealth        | 1 2 |  2.1
Short Blades   | 3 9 12 | 12.4
Invocations    | 1 2 3 |  3.1
Evocations     | 1 |  1.2
Unarmed Combat | |  0.9

Action                   |  1- 3 |  4- 6 |  7- 9 | 10-12 | 13-15 | 16-18 || total
-------------------------+-------+-------+-------+-------+-------+-------++-------
Melee: War axe           |   105 |   168 |   228 |   603 |   151 |       ||  1255
       Unarmed           |       |       |     8 |       |       |       ||     8
       Dagger            |       |       |       |   105 |    66 |   824 ||   995
       Broad axe         |       |       |       |       |  1242 |   552 ||  1794
Invok: Lesser Servant of |       |       |       |    10 |    13 |       ||    23
       Minor Destruction |       |       |       |       |     1 |       ||     1
 Abil: Heal Wounds       |       |     4 |     7 |    15 |    16 |     7 ||    49
Evoke: Wand              |       |       |       |       |     7 |     1 ||     8
  Use: Scroll            |     3 |     4 |       |    19 |    17 |     9 ||    52
       Potion            |     1 |     2 |       |     6 |     1 |     8 ||    18
 Stab: Confused          |       |       |     2 |       |       |       ||     2
       Invisible         |       |       |       |       |     6 |       ||     6
       Distracted        |       |       |       |       |     1 |       ||     1
  Eat: Chunk             |     1 |     6 |     4 |    35 |    16 |    13 ||    75
       Ration            |       |       |     3 |     1 |     3 |     1 ||     8
Armor: Scale mail        |    47 |    89 |    78 |    11 |       |       ||   225
       Skin              |       |       |     2 |       |       |       ||     2
       Chain mail        |       |       |       |    57 |       |       ||    57
       Fire dragon scale |       |       |       |    71 |       |       ||    71
       Plate armour      |       |       |       |    64 |   418 |   276 ||   758
Dodge: Dodged            |    42 |    65 |    92 |   226 |   564 |   373 ||  1362
       Deflected         |       |       |       |     4 |     9 |    77 ||    90
Block: Shield            |    59 |   101 |   134 |   432 |  1129 |   944 ||  2799

Table legend:
 A = Spawn XP
 B = Non-spawn XP
 C = Spawn XP percentage of total XP
 D = Spawn monster count
 E = Non-spawn monster count
 F = Spawn count percentage of total count
 G = Total turns spent on level
                    A         B        C        D         E        F      G
               +---------+---------+-------+---------+---------+-------+---------
         Total |       0 |  253740 |   0.0 |       0 |     988 |   0.0 | 24349
               +---------+---------+-------+---------+---------+-------+---------
           D:1 |       0 |      35 |   0.0 |       0 |      19 |   0.0 |   803
           D:2 |       0 |     130 |   0.0 |       0 |      25 |   0.0 |   489
           D:3 |       0 |      41 |   0.0 |       0 |      24 |   0.0 |   626
           D:4 |       0 |     292 |   0.0 |       0 |      12 |   0.0 |   759
           D:5 |       0 |     689 |   0.0 |       0 |      16 |   0.0 |  1204
           D:6 |       0 |     809 |   0.0 |       0 |      17 |   0.0 |   734
           D:7 |       0 |    2285 |   0.0 |       0 |      26 |   0.0 |  1158
           D:8 |       0 |    3481 |   0.0 |       0 |      28 |   0.0 |   880
           D:9 |       0 |    2110 |   0.0 |       0 |      27 |   0.0 |   556
          D:10 |       0 |    7637 |   0.0 |       0 |      49 |   0.0 |  1171
          D:11 |       0 |    5712 |   0.0 |       0 |      45 |   0.0 |   812
          D:12 |       0 |    5456 |   0.0 |       0 |      31 |   0.0 |   740
          D:13 |       0 |   10087 |   0.0 |       0 |      33 |   0.0 |   844
          D:14 |       0 |   24627 |   0.0 |       0 |      55 |   0.0 |  1034
          D:15 |       0 |   12613 |   0.0 |       0 |      39 |   0.0 |  1038
        Lair:1 |       0 |    3951 |   0.0 |       0 |      22 |   0.0 |   654
        Lair:2 |       0 |    6636 |   0.0 |       0 |      27 |   0.0 |   825
        Lair:3 |       0 |   11333 |   0.0 |       0 |      56 |   0.0 |  1082
        Lair:4 |       0 |    4848 |   0.0 |       0 |      19 |   0.0 |   662
        Lair:5 |       0 |    4689 |   0.0 |       0 |      20 |   0.0 |   523
        Lair:6 |       0 |   26518 |   0.0 |       0 |     101 |   0.0 |  1291
       Snake:1 |       0 |   15510 |   0.0 |       0 |      27 |   0.0 |   898
       Snake:2 |       0 |   21251 |   0.0 |       0 |      38 |   0.0 |  1253
       Snake:3 |       0 |   24069 |   0.0 |       0 |      37 |   0.0 |   628
       Snake:4 |       0 |   28816 |   0.0 |       0 |      53 |   0.0 |   459
         Orc:1 |       0 |    4991 |   0.0 |       0 |      45 |   0.0 |   535
         Orc:2 |       0 |   23916 |   0.0 |       0 |      96 |   0.0 |  1183
           Lab |       0 |    1208 |   0.0 |       0 |       1 |   0.0 |  1344
               +---------+---------+-------+---------+---------+-------+---------
